Map: Dusk Towers

Players

Dechain - Winner!

  • Race: Zerg Zerg
  • League: Gold

LilDicky

  • Race: Zerg Zerg
  • League: Diamond

VOD

http://www.twitch.tv/tumescentpie

Description

Time

  • Played on: Nov. 25, 2015, 11:27 a.m.
  • Length: 8:14
Show
View Real Time Build Order
Export as new Build Order

Dechain Zerg - Winner!

Build Orders: Hatch First 

Get SALT Encoding   

  12  0:03  Drone  
  13  0:17  Drone  
  14  0:37  Hatchery  
  13  0:51  Spawning Pool  
  13  0:55  Drone  
  13  0:59  Drone  
  14  1:11  Drone, Extractor  
  13  1:18  Overlord  
  14  1:24  Extractor  
  14  1:26  Extractor  
  14  1:27  Drone  
  15  1:36  Drone  
  17  1:40  Queen  
  17  1:41  Extractor  
  18  1:47  Drone  
  18  1:51  Drone x2  
  21  1:59  Drone  
  21  2:00  Drone  
  23  2:11  Queen  
  25  2:29  Zergling x2  
  26  2:30  Drone x2  
  28  2:38  Roach Warren  
  28  2:42  Drone  
  28  2:45  Overlord x3  
  28  2:56  Lair  
  28  3:03  Drone x2  
  28  3:04  Drone  
  31  3:18  Roach  
  33  3:22  Roach  
  33  3:23  Roach x2  
  39  3:32  Drone x3  
  39  3:33  Drone x2  
  44  3:36  Extractor  
  44  3:40  Drone x2  
  45  3:48  Drone x2  
  45  3:49  Drone x2  
  49  3:56  Roach  
  51  4:04  Drone  
  51  4:06  Glial Reconstitution  
  52  4:12  Extractor  
  52  4:13  Drone  
  52  4:14  Overlord x3  
  52  4:37  Evolution Chamber  
  51  4:39  Evolution Chamber, Drone x3  
  51  4:40  Drone x2  
  51  4:43  Roach x2  
  51  4:44  Roach x3  
  65  4:51  Overlord  
  65  4:53  Overlord  
  65  4:59  Roach  
  67  5:03  Zerg Missile Weapons Level 1  
  67  5:07  Zerg Ground Armor Level 1  
  67  5:13  Roach  
  67  5:14  Roach  
  71  5:23  Roach  
  71  5:24  Roach x2  
  77  5:29  Drone x3  
  77  5:30  Extractor  
  79  5:40  Roach x2  
  83  5:48  Hatchery  
  81  5:57  Queen  
  79  6:06  Roach x2  
  79  6:09  Overlord  
  79  6:10  Overlord x2  
  83  6:23  Roach  
  83  6:45  Roach x4  
  83  6:46  Roach x4  
  83  7:03  Roach x4  
  85  7:12  Roach x2  
  85  7:13  Roach x3  
  87  7:19  Ravager  
  87  7:21  Ravager x2  
  87  7:22  Roach  
  92  7:25  Roach  
  94  7:32  Roach x4  
  104  7:44  Roach x5  
  104  7:45  Roach  
  104  7:50  Extractor  
  104  7:51  Overlord x3  
  113  7:54  Extractor  
Show
View Real Time Build Order
Export as new Build Order

LilDicky Zerg 

Build Orders: Pool First 

Get SALT Encoding   

  12  0:03  Drone  
  13  0:12  Drone  
  14  0:20  Extractor  
  13  0:21  Drone  
  13  0:24  Overlord  
  14  0:29  Extractor  
  14  0:30  Drone  
  16  0:43  Drone  
  17  0:56  Spawning Pool  
  16  0:58  Drone  
  16  0:59  Drone, Extractor  
  17  1:08  Drone  
  18  1:18  Overlord  
  18  1:41  Hatchery  
  18  1:43  Queen  
  18  1:45  Zergling x4  
  21  2:00  Zergling x2  
  22  2:05  Metabolic Boost  
  22  2:09  Drone  
  23  2:20  Drone, Roach Warren  
  23  2:25  Queen  
  25  2:58  Drone  
  25  2:59  Drone x6  
  25  3:02  Queen  
  34  3:21  Lair  
  34  3:51  Roach  
  34  3:53  Overlord  
  36  3:58  Overlord  
  36  4:10  Extractor  
  36  4:11  Extractor  
  36  4:12  Extractor  
  36  4:13  Roach  
  36  4:14  Roach x4  
  36  4:15  Drone  
  44  4:25  Roach x4  
  52  5:05  Spore Crawler  
  51  5:07  Spore Crawler  
  51  5:13  Overlord  
  51  5:14  Overlord x2  
  47  5:24  Hatchery  
  46  5:31  Roach  
  46  5:32  Roach x7  
  58  5:43  Drone x7  
  53  6:05  Glial Reconstitution  
  49  6:24  Roach  
  49  6:25  Roach x4  
  57  6:34  Roach x2  
  61  6:41  Ravager  
  49  7:05  Roach  
  49  7:06  Roach x5  
  53  7:22  Drone x3  
  56  7:23  Drone x2  
  58  7:42  Ravager x3  
  58  7:43  Roach  
  58  7:44  Roach x2  
  67  7:50  Spine Crawler  
Tags
 
Add a new tag
Caveats
  • Supply blocks, unpowered buildings, or Contaminate may cause inaccurate times.
  • Supply counts are checked every 10 seconds.